 Dungeon Crawl Stone Soup version 0.18-a0-1300-g6e8322c (webtiles) character file.

212 mrath the Shooter (level 5, -3/40 HPs)
             Began as a Centaur Arcane Marksman on Feb 11, 2016.
             Slain by a gnoll
             ... wielding a +0 halberd
              (10 damage)
             ... on level 2 of the Dungeon.
             The game lasted 00:47:13 (4869 turns).

mrath the Shooter (Centaur Arcane Marksman)         Turns: 4869, Time: 00:47:13

Health: -3/40      AC:  9    Str: 13    XL:     5   Next: 58%
Magic:  9/9        EV:  9    Int: 13    God:
Gold:   110        SH:  0    Dex:  9    Spells: 2 memorised, 6 levels left

rFire  . . .     SeeInvis .     q - +0 mace
rCold  . . .     Gourm    .     B - +2 robe {Archmagi}
rNeg   . . .     Faith    .     (no shield)
rPois  .         Spirit   .     t - +0 helmet
rElec  .         Dismiss  .     F - +1 cloak {+Inv}
rCorr  .         Reflect  .     (no gloves)
SustAt .         Harm     .     (no barding)
MR     .....                    (no amulet)
Stlth  +.........               (no ring)
                                (no ring)

@: very quick, not resistant to hostile enchantments, very unstealthy
A: hooves 3, deformed body, speed 2, tough skin 3
a: Evoke Invisibility


You were on level 2 of the Dungeon.
You were not hungry.

You visited 1 branch of the dungeon, and saw 3 of its levels.

You collected 110 gold pieces.

Inventory:

Hand Weapons
 a - a +0 shortbow
 b - a +2 quarterstaff of chaos
 q - a +0 mace (weapon)
 v - a +0 blowgun
Missiles
 d - 36 arrows
 u - 15 poisoned needles
 x - 4 curare-tipped needles
 C - a throwing net (quivered)
Armour
 g - a +0 ring mail
 t - a +0 helmet (worn)
 z - a +0 leather armour
 B - a +2 robe of the Archmagi (worn)
 F - a +1 cloak of invisibility (worn)
Jewellery
 r - a +3 ring of protection {unknown}
Scrolls
 e - 3 scrolls of remove curse {unknown}
 i - 2 scrolls of enchant armour {unknown}
 k - a scroll of enchant weapon {unknown}
 l - a scroll of recharging {unknown}
 o - a scroll of immolation {unknown}
 w - a scroll of noise {unknown}
 y - a scroll of fear {unknown}
 A - a scroll of fog {unknown}
 D - a scroll of identify {unknown}
Potions
 m - a potion of flight {unknown}
 p - a potion of agility {unknown}
 s - a potion of berserk rage {unknown}
Books
 c - a book of Debilitation

   Spells                             Type                      Level
   a - Corona                         Hexes                        1
   b - Slow                           Hexes                        2
   c - Gell's Gravitas                Hexes/Translocation          3
   d - Inner Flame                    Hexes/Fire                   3
   e - Cause Fear                     Hexes                        4
   f - Leda's Liquefaction            Hexes/Earth                  4
Comestibles
 f - 3 bread rations
 h - 5 chunks of flesh
 j - a slice of pizza
 E - a meat ration


   Skills:
 + Level 1.5 Fighting
 + Level 4.5 Bows
 + Level 0.4 Armour
 + Level 1.4 Dodging
 + Level 2.6 Spellcasting
 + Level 3.6 Hexes


You had 6 spell levels left.
You knew the following spells:

 Your Spells              Type           Power        Failure   Level  Hunger
a - Corona                Hex            ###....      8%          1    #......
b - Slow                  Hex            ###.....     10%         2    ###....


Dungeon Overview and Level Annotations

Branches:
Dungeon (3/15)

Altars:
Makhleb


Innate Abilities, Weirdness & Mutations

You have hooves in place of feet.
Armour fits poorly on your strangely shaped body.
You cover ground very quickly.
You have extremely tough skin (AC +3).


Message History

You hit the hobgoblin but do no damage.
The hobgoblin is severely wounded.
The hobgoblin barely misses you.
The gnoll hits you from afar with a halberd!
* * * LOW HITPOINT WARNING * * *
The hobgoblin hits you but does no damage.
Drink which item? (? for menu, Esc to quit)
Okay, then.
You barely miss the hobgoblin.
The hobgoblin is severely wounded.
The gnoll hits you from afar with a halberd.
* * * LOW HITPOINT WARNING * * *
The hobgoblin hits you.
* * * LOW HITPOINT WARNING * * *
You barely miss the hobgoblin. Your kick misses the hobgoblin.
The hobgoblin is severely wounded.
The hobgoblin hits you.
* * * LOW HITPOINT WARNING * * *
The gnoll hits you from afar with a halberd!
You die...

####### ##### #..##
#.....# #)..#
######..#. #.....#
#...# #####.........
#.....# #...#
#.....####.###
#.....# ##.## #######
#.# #.....# ♣.♣♣ ###
#.# #.....# ♣♣.♣ #.##
####.# ###.### ♣.♣♣
#..####..#### #.#
♣♣@♣ ##..##..###.##
#.## ♣g♣♣
##..#.###...# #..##
♣♣♣g.♣ ##...##..#..
#...# ♣....♣
######.#..###. #.<.#
##..## #.........##..
#...#
#....######.....###..
##.## #.....# #.....#
##. #..#
#>.##.######...## ##
##.# #[.##.....##.###
####


You could see a gnoll and a hobgoblin.

Vanquished Creatures
  Crazy Yiuf (D:2)
  A hound (D:2)
  Robin (D:3)
  5 adders
  An ooze (D:1)
  3 worms
  3 giant geckos (D:2)
  5 orcs (D:3)
  2 ball pythons (D:1)
  4 giant cockroaches
  15 goblins
  7 hobgoblins
  3 jackals (D:1)
  2 quokkas
  6 bats
  4 giant newts
  7 kobolds
  8 rats
78 creatures vanquished.

Notes
Turn   | Place    | Note
--------------------------------------------------------------
     0 | D:1      | mrath the Centaur Arcane Marksman began the quest for the Orb.
     0 | D:1      | Reached XP level 1. HP: 16/16 MP: 2/2
   605 | D:1      | Reached skill level 3 in Bows
   610 | D:1      | Reached XP level 2. HP: 15/23 MP: 3/3
  1377 | D:1      | Learned a level 2 spell: Slow
  1600 | D:1      | Reached XP level 3. HP: 28/28 MP: 5/5
  2304 | D:1      | Reached XP level 4. HP: 12/35 MP: 5/7
  2673 | D:2      | Reached skill level 4 in Bows
  3868 | D:2      | Reached XP level 5. HP: 40/40 MP: 8/8
  4105 | D:3      | Noticed Robin
  4125 | D:3      | Killed Robin
  4648 | D:2      | Found a burning altar of Makhleb.
  4690 | D:2      | Noticed Crazy Yiuf
  4758 | D:2      | Killed Crazy Yiuf
  4869 | D:2      | Slain by a gnoll

Vault maps used:
D:1:      dpeg_arrival_circle_labyrinth_c
D:2:      makhleb_blood_cavern_becter, grunt_ministairs_1,
          uniq_crazy_yiuf_cottage
D:3:      uniq_robin

Action                   |  1- 3 |  4- 6 || total
-------------------------+-------+-------++-------
Melee: Club              |    36 |     1 ||    37
       Mace              |       |    65 ||    65
 Fire: Shortbow          |   129 |   123 ||   252
Throw: Throwing net      |       |     1 ||     1
 Cast: Corona            |    20 |    22 ||    42
       Slow              |     2 |       ||     2
  Eat: Chunk             |     4 |     7 ||    11
